Unix NetHack Version 5.0.0-0 post-release - last build May 23 2026 06:08:33 (1c0ff79ee797540d5714e4e18072db0edd9e58ae,branch:main).

Game began 2026-05-24 18:02:43, ended 2026-05-24 18:35:02.

Atomicjoy, chaotic male elven Wizard

                              ----------
                              |....<...|
                             #.........|
                             #|........|
                             #.........-###        ------------    -----
                             #--.-------  #######  |..........|    |..!|
                             #                  ###............### |.%.|
                             #                    #|..........|  # |.(.|
                            ##                 ####|..........|  ##-..%|
                           ##                  #   |..........|   #|.[.|
                           #       --.-------- #   ------------   #|.!.|
                     ------#       |......<..| #              #####-----
                     |....-###     |.........| #              #
                     |...(|# ######-.........|##          #####
                     |.>f@f#       |..........############`
                     -..u.|        |.........|#
                     ------        |.........+
                                   -----------

Atomicjoy the Conjurer    St:7 Dx:11 Co:16 In:20 Wi:10 Ch:11  Chaotic
Dlvl:8  $:9  HP:10(31) Pw:39(39) AC:6  Xp:3/69 T:2438  Burdened

Latest messages:
 You swap places with your kitten.
 You swap places with your pony.
 You swap places with Felix.
 You swap places with Felix.
 You swap places with Felix.
 You hear the chime of a cash register.
 You hear the chime of a cash register.
 You see here 9 gold pieces.
 You have a little trouble lifting $ - 9 gold pieces.
 You swap places with Felix.
 You see here a large box.
 You have a little trouble removing x - a spellbook of light.
 y - a potion of healing.
 z - a runed wand.
 The door resists!
 The door opens.
 You swap places with your kitten.
 You swap places with Felix.
 The door opens.
 The giant spider bites!
 The giant spider bites!
 The giant spider bites!
 You swap places with Felix.
 Felix bites the giant spider.
 Felix bites the giant spider.
 The giant spider misses Felix.
 The kitten misses the giant spider.
 The kitten bites the giant spider.
 The giant spider bites the kitten.
 Felix bites the giant spider.
 Felix misses the giant spider.
 The pony hits the giant spider.
 The giant spider is killed!
 You swap places with Felix.
 The pony picks up a giant spider corpse.
 You swap places with your pony.
 The pony drops a giant spider corpse.
 You swap places with your pony.
 You see here a giant spider corpse.
 There is a giant spider corpse here; eat it? [ynq] (n) y
 Ecch - that must have been poisonous!
 Felix picks up an empty unlocked large box.
 Felix drops an empty unlocked large box.
 You finish eating the giant spider corpse.
 You feel healthy.
 What do you want to ready? [$Y or ?*] <enter>
 Never mind.
 Really quit without saving? [yn] (n) y
 Do you want your possessions identified? [ynq] (y) y
 Do you want to see your attributes? [ynq] (y) q

Inventory:
 Coins    ('$')
  $ - 9 gold pieces
 Weapons  (')')
  Y - a blessed +1 dagger
  a - a blessed +1 quarterstaff (weapon in hands)
 Armor    ('[')
  J - an uncursed +0 helm of telepathy (being worn)
  M - a cursed +0 pair of iron shoes
  O - an uncursed +0 cloak of magic resistance
  b - an uncursed burnt +0 cloak of magic resistance (being worn)
  N - a cursed +0 oilskin cloak
  I - an uncursed +0 studded leather armor (being worn)
 Comestibles  ('%')
  p - a cursed slime mold
  X - 3 uncursed food rations
  P - a cursed food ration
  s - 2 uncursed lembas wafers
  C - an uncursed tripe ration
 Scrolls  ('?')
  f - 4 uncursed scrolls of blank paper
  j - 2 uncursed scrolls of food detection
  k - an uncursed scroll of magic mapping
  G - an uncursed scroll of stinking cloud
 Spellbooks  ('+')
  x - an uncursed spellbook of light
 Potions  ('!')
  q - an uncursed potion of blindness
  Z - 2 uncursed potions of extra healing
  D - an uncursed potion of gain ability
  y - a blessed potion of healing
  r - 2 uncursed potions of healing
  Q - a cursed potion of healing
  l - an uncursed potion of paralysis
  t - an uncursed potion of polymorph
 Rings    ('=')
  g - an uncursed -2 ring of gain constitution
  R - a cursed ring of searching
  A - an uncursed ring of see invisible
  e - an uncursed ring of slow digestion (on right hand)
  d - an uncursed ring of stealth
  S - a cursed ring of teleport control
 Wands    ('/')
  z - a wand of lightning (0:6)
  w - a wand of nothing (0:14)
  c - a wand of undead turning (0:7)
 Tools    ('(')
  W - an uncursed sack containing 1 item
  o - an uncursed bell
  n - an uncursed blindfold
  E - an uncursed credit card
  m - a magic marker (0:19)
  U - a cursed oil lamp
  T - a cursed skeleton key
  V - an uncursed tin whistle
 Gems/Stones  ('*')
  B - 2 uncursed worthless pieces of red glass
  v - a cursed worthless piece of yellowish brown glass

Contents of the sack:
  481 gold pieces

Atomicjoy the Wizard's attributes:

Background:
 You were a Conjurer, a level 3 male elven Wizard.
 You were chaotic, on a mission for Anhur
 who was opposed by Ptah (lawful) and Thoth (neutral).
 You were right-handed.
 You were in the Dungeons of Doom, on level 8.
 You entered the dungeon 2438 turns ago.
 You had 69 experience points, 11 more were needed to attain level 4.

Basics:
 You had 10 out of 31 hit points.
 You had all 39 energy points (spell power).
 Your armor class was 6.
 Your wallet contained 9 zorkmids, and
 you had 481 more stashed away in your pack.
 Autopickup was off.

Final Characteristics:
 Your strength was 7 (peak:8, limit:18).
 Your dexterity was 11 (limit:18).
 Your constitution was 16 (limit:16).
 Your intelligence was 20 (limit:20).
 Your wisdom was 10 (limit:20).
 Your charisma was 11 (limit:18).

Final Status:
 You weren't hungry.
 You were burdened; movement was slightly slowed.
 You were wielding a quarterstaff.
 You had basic skill with quarterstaff.

Final Attributes:
 You were piously aligned.
 You were magic-protected.
 You were poison resistant.
 You were telepathic.
 You had infravision.
 You had slower digestion.
 You were warded.
 You survived.

Miscellaneous:
 You encountered 1 bones level.
 Total elapsed playing time was 32 minutes and 17 seconds.

Major events:
 Turn
    1: Atomicjoy the chaotic male elven Wizard entered the dungeon
  347: entered the Gnomish Mines
 1582: attained the rank of Conjurer (level 3)
 2438: quit

Spells:
 Name                 Level Category     Fail Retention
 force bolt             1   attack         0%   81%-90%
 detect monsters        1   divination     0%  76%-100%
 cure blindness         2   healing       44%  76%-100%
 healing                1   healing        0%  76%-100%

Skills:
 Fighting Skills
   bare handed combat [Unskilled]
   riding             [Unskilled]
 Weapon Skills
   dagger             [Unskilled]
   knife              [Unskilled]
   axe                [Unskilled]
   short sword        [Unskilled]
   club               [Unskilled]
   mace               [Unskilled]
   quarterstaff       [Basic]
   polearms           [Unskilled]
   spear              [Unskilled]
   trident            [Unskilled]
   sling              [Unskilled]
   dart               [Unskilled]
   shuriken           [Unskilled]
 Spellcasting Skills
   attack spells      [Basic]
   healing spells     [Unskilled]
   divination spells  [Unskilled]
   enchantment spells [Basic]
   clerical spells    [Unskilled]
   escape spells      [Unskilled]
   matter spells      [Unskilled]

Voluntary challenges:
 Character rerolling was not enabled.
 You never genocided any monsters.
 You never polymorphed an object.
 You used no wishes.
Achievements:
 You entered the Gnomish Mines.
 You entered a shop.
 You attained the rank of Conjurer.

 The Dungeons of Doom: levels 1 to 8
    Level 1:
    Level 2:
       Stairs down to The Gnomish Mines.
    Level 3:
       Some fountains.
    Level 4:
       A food shop, a fountain.
    Level 5:
       A general store, a grave.
       Final resting place for
          Shaengarne-Wiz-Gno-Mal-Neu, killed by an ape, while praying.
    Level 6:
    Level 7:
    Level 8: <- You were here.
       A general store.
 The Gnomish Mines:
    Level 3:


Vanquished creatures:
  a ghost
  a small mimic
  a leprechaun
  a giant spider
 an ape
  a water nymph
  a pony
  a paper golem
  a giant ant
  a little dog
  a floating eye
  2 dwarves
  a rothe
  a monkey
  a wererat
  a werejackal
 an iguana
  3 coyotes
  a hobbit
  3 giant rats
  4 yellow molds
  3 geckos
  4 jackals
  2 foxes
  5 lichens
  3 kobold zombies
  4 newts
50 creatures vanquished.

No species were genocided or became extinct.

Goodbye Atomicjoy the Wizard...

You quit in The Dungeons of Doom on dungeon level 8 with 1168 points,
and 490 pieces of gold, after 2438 moves.
You were level 3 with a maximum of 31 hit points when you quit.

